 Dungeon Crawl Stone Soup version 0.21.1-68-g103a7af (webtiles) character file.

1312 vatarom the Skirmisher (level 8, -7/60 HPs)
             Began as a Gnoll Wanderer on Aug 2, 2018.
             Was a Believer of Hepliaklqana.
             Killed from afar by appiemonkey's ghost (23 damage)
             ... with a stone arrow
             ... on level 6 of the Dungeon.
             The game lasted 00:16:41 (6504 turns).

vatarom the Skirmisher (Gnoll Wanderer)             Turns: 6504, Time: 00:16:41

Health: -7/60      AC:  4    Str: 14    XL:     8   Next: 58%
Magic:  8/13       EV: 14    Int: 22    God:    Hepliaklqana [**....]
Gold:   292        SH:  0    Dex: 17    Spells: 1/13 levels left

rFire    + . .     SeeInvis +   B - +4 glaive
rCold    + . .     Gourm    .   (shield currently unavailable)
rNeg     . . .     Faith    .   b - +1 robe of Dramatic Exits {Int+7 SInv}
rPois    .         Spirit   .   (no helmet)
rElec    .         Reflect  .   k - scarf {rC+ rF+}
rCorr    .         Harm     .   (no gloves)
MR       .....                  n - +0 pair of boots
Stlth    +++.......             (no amulet)
HPRegen  0.20/turn              (no ring)
MPRegen  0.13/turn              (no ring)

@: very slightly contaminated, hasted, very quick
A: distributed training, reduced essence, fangs 1, strong nose
a: Recall Ancestor, Ancestor Identity, Renounce Religion


You were on level 6 of the Dungeon.
You worshipped Hepliaklqana.
Hepliaklqana was pleased with you.
You were not hungry.

You visited 1 branch of the dungeon, and saw 6 of its levels.

You collected 292 gold pieces.

Inventory:

Hand Weapons
 a - a +0 hunting sling
 B - a +4 glaive (weapon)
Missiles
 q - 166 stones (quivered)
 r - 22 sling bullets
 y - 3 silver tomahawks
Armour
 b - the +1 robe of Dramatic Exits (worn) {Int+7 SInv}
   (You found it on level 6 of the Dungeon)

   It affects your intelligence (+7).
   It lets you see invisible.
 k - a scarf of resistance (worn)
 n - a +0 pair of boots (worn)
Jewellery
 i - an uncursed ring of see invisible
Wands
 s - a wand of paralysis (6)
Scrolls
 g - a scroll of identify {@r1}
 o - a scroll of magic mapping
 t - a scroll of enchant weapon
 v - a scroll of enchant armour {unknown}
 C - a scroll of noise {unknown}
Potions
 e - a potion of magic
 h - a potion of brilliance {@q6}
 j - 3 potions of flight
 l - a potion of invisibility {unknown}
 p - a potion of agility {@q5}
 u - 2 potions of resistance
 w - a potion of cancellation {unknown}
 x - a potion of haste {@q3}
 z - 2 potions of might {unknown}
 D - a potion of lignification {unknown}
Books
 m - a book of Battle

   Spells                             Type                      Level
   a - Infusion                       Charms                       1
   b - Shroud of Golubria             Charms/Translocation         2
   c - Song of Slaying                Charms                       2
   d - Spectral Weapon                Hexes/Charms                 3
   e - Regeneration                   Charms/Necromancy            3
 A - a book of Callings

   Spells                             Type                      Level
   a - Summon Small Mammal            Summoning                    1
   b - Call Imp                       Summoning                    2
   c - Call Canine Familiar           Summoning                    3
   d - Summon Guardian Golem          Hexes/Summoning              3
   e - Summon Lightning Spire         Summoning/Air                4
   f - Summon Ice Beast               Ice/Summoning                4
Comestibles
 f - 10 rations {@e1}
 E - 2 chunks of flesh


   Skills:
 + Level 7.4 Fighting
 + Level 3.3 Short Blades
 + Level 3.3 Long Blades
 + Level 3.3 Axes
 + Level 3.3 Maces & Flails
 + Level 5.7 Polearms
 + Level 3.3 Staves
 + Level 3.3 Slings
 + Level 3.3 Bows
 + Level 3.3 Crossbows
 + Level 3.3 Throwing
 + Level 3.3 Armour
 + Level 3.3 Dodging
 + Level 3.3 Stealth
 + Level 5.7 Shields
 + Level 3.3 Unarmed Combat
 + Level 3.3 Spellcasting
 + Level 2.7 Conjurations
 + Level 2.7 Hexes
 + Level 4.7 Charms
 + Level 2.7 Summonings
 + Level 2.7 Necromancy
 + Level 2.7 Translocations
 + Level 2.7 Transmutations
 + Level 2.7 Fire Magic
 + Level 2.7 Ice Magic
 + Level 2.7 Air Magic
 + Level 2.7 Earth Magic
 + Level 3.5 Poison Magic
 + Level 3.6 Invocations
 + Level 3.3 Evocations


You had one spell level left.
You knew the following spells:

 Your Spells              Type           Power        Failure   Level  Hunger
a - Shroud of Golubria    Chrm/Tloc      ###.......   3%          2    ##.....
r - Regeneration          Chrm/Necr      ###.......   8%          3    ###....
w - Spectral Weapon       Hex/Chrm       ###.....     8%          3    ###....
x - Summon Lightning Spi  Summ/Air       ###.....     36%         4    ####...


Dungeon Overview and Level Annotations

Branches:
Dungeon (6/15)
 Temple: D:4-7

Altars:
Gozag
Hepliaklqana
Okawaru
Qazlal
Uskayaw
Wu Jian

Annotations:
D:6 appiemonkey's ghost, novice DDEE


Innate Abilities, Weirdness & Mutations

Your experience applies equally to all skills.
You have very sharp teeth.
Your uncanny sense of smell can sniff out nearby items.
Your life essence is reduced to manifest your ancestor. (-10% HP)


Message History

You feel sick.
You feel sick.
You feel sick.
You feel sick.
You feel sick.
You feel sick.
You feel sick.
You feel sick.
You feel sick.
Appiemonkey's ghost casts a spell at you.
The blast of sand hits you!
* * * LOW HITPOINT WARNING * * *
* * * LOW HITPOINT WARNING * * *
You feel sick.
You feel better.
Unknown command.
You feel yourself speed up.
Appiemonkey's ghost points at you and mumbles some strange words.
The stone arrow hits you!
You die...

######### #.......#
#.#####.# #.# #.# ##
###.### #.# .#
#######.W.^.# #.# )#
#.....@.#....##.# .#
#.######........# .#
####.##### .#...##.#
.#
#......[.##.##......
.# #.##.###.##.#
.###.# .# #....#
#.##.# .# #.# .##
#.#### #.# .# #.#
..# #.######.# ..
#.# #........#


You could see appiemonkey's ghost.

Vanquished Creatures
  Sigmund (D:6)
  The ghost of iopi the Skirmisher, an amateur OgBe of Trog (D:3)
  An ice beast (D:5)
  An orc warrior (D:5)
  2 ogres
  2 orc priests (D:4)
  A bullfrog skeleton (D:5)
  A hound (D:4)
  2 orc wizards (D:5)
  5 worker ants
  3 hound skeletons (D:5)
  3 adders
  2 adder skeletons
  2 worms
  A dart slug (D:1)
  2 leopard geckos
  12 orcs
  5 bats
  5 giant cockroaches
  9 goblins
  7 hobgoblins
  2 jackals (D:2)
  A quokka (D:3)
  5 frilled lizards
  A jackal zombie (D:6)
  9 kobolds
  2 quokka zombies (D:5)
  9 rats
97 creatures vanquished.

Vanquished Creatures (collateral kills)
  An ogre (D:5)
  An orc priest (D:5)
  An orc wizard (D:5)
  3 gnolls (D:5)
  4 orcs
  A quokka (D:4)
11 creatures vanquished.

Vanquished Creatures (others)
  A hexer (D:6)
  3 ancestors
4 creatures vanquished.

Grand Total: 112 creatures vanquished

Notes
Turn   | Place    | Note
-------+----------+-------------------------------------------
     0 | D:1      | vatarom the Gnoll Wanderer began the quest for the Orb.
     0 | D:1      | vatarom set off with: a book of Battle, a +0 spear, a potion of curing {@q1}, a +0 robe, a ration {@e1}
     0 | D:1      | Reached XP level 1. HP: 23/23 MP: 1/1
   564 | D:1      | Reached XP level 2. HP: 27/29 MP: 2/2
  1004 | D:1      | Reached XP level 3. HP: 31/35 MP: 3/3
  1885 | D:2      | Reached skill level 1 in Invocations
  2129 | D:2      | Reached skill level 1 in Short Blades
  2129 | D:2      | Reached skill level 1 in Long Blades
  2129 | D:2      | Reached skill level 1 in Axes
  2129 | D:2      | Reached skill level 1 in Maces & Flails
  2129 | D:2      | Reached skill level 1 in Staves
  2129 | D:2      | Reached skill level 1 in Slings
  2129 | D:2      | Reached skill level 1 in Bows
  2129 | D:2      | Reached skill level 1 in Crossbows
  2129 | D:2      | Reached skill level 1 in Throwing
  2129 | D:2      | Reached skill level 1 in Armour
  2129 | D:2      | Reached skill level 1 in Dodging
  2129 | D:2      | Reached skill level 1 in Stealth
  2129 | D:2      | Reached skill level 1 in Unarmed Combat
  2129 | D:2      | Reached skill level 1 in Spellcasting
  2129 | D:2      | Reached skill level 1 in Evocations
  2237 | D:2      | Reached XP level 4. HP: 41/41 MP: 5/5
  2303 | D:2      | Learned a level 3 spell: Spectral Weapon
  2317 | D:2      | Learned a level 2 spell: Shroud of Golubria
  2609 | D:3      | Found a faded altar of an unknown god.
  2803 | D:3      | Noticed an ogre
  2890 | D:3      | Noticed iopi's ghost (amateur OgBe)
  2909 | D:3      | Killed iopi's ghost
  2909 | D:3      | Reached skill level 1 in Conjurations
  2909 | D:3      | Reached skill level 1 in Hexes
  2909 | D:3      | Reached skill level 1 in Summonings
  2909 | D:3      | Reached skill level 1 in Necromancy
  2909 | D:3      | Reached skill level 1 in Translocations
  2909 | D:3      | Reached skill level 1 in Transmutations
  2909 | D:3      | Reached skill level 1 in Fire Magic
  2909 | D:3      | Reached skill level 1 in Ice Magic
  2909 | D:3      | Reached skill level 1 in Air Magic
  2909 | D:3      | Reached skill level 1 in Earth Magic
  2909 | D:3      | Reached XP level 5. HP: 22/47 MP: 5/7
  2909 | D:3      | Reached XP level 6. HP: 25/53 MP: 5/8
  3598 | D:3      | Reached skill level 5 in Polearms
  3598 | D:3      | Reached skill level 5 in Shields
  3838 | D:3      | Became a worshipper of Hepliaklqana the Forgotten
  3838 | D:3      | Reached * piety under Hepliaklqana
  4610 | D:4      | Reached XP level 7. HP: 45/53 MP: 10/10
  5109 | D:5      | Entered Level 5 of the Dungeon
  5164 | D:5      | Reached skill level 7 in Fighting
  5550 | D:5      | Reached ** piety under Hepliaklqana
  5553 | D:5      | Remembered your ancestor Aniki as a hexer
  5587 | D:5      | Found an iron altar of Okawaru.
  5587 | D:5      | Found a stormy altar of Qazlal.
  5593 | D:5      | Found an ornate altar of the Wu Jian Council.
  5595 | D:5      | Found a faded altar of an unknown god.
  5597 | D:5      | Found a hide-covered altar of Uskayaw.
  5819 | D:5      | Reached XP level 8. HP: 22/60 MP: 12/12
  6167 | D:5      | Found an opulent altar of Gozag.
  6378 | D:6      | Noticed Sigmund
  6385 | D:6      | Killed Sigmund
  6392 | D:6      | Got a thick robe
  6403 | D:6      | Identified the +1 robe of Dramatic Exits {Int+7 SInv} (You found it on level 6 of the Dungeon)
  6460 | D:6      | Learned a level 3 spell: Regeneration
  6465 | D:6      | Learned a level 4 spell: Summon Lightning Spire
  6477 | D:6      | Noticed appiemonkey's ghost (novice DDEE)
  6504 | D:6      | Killed from afar by appiemonkey's ghost

Skill      XL: |  1  2  3  4  5  6  7  8 |
---------------+-------------------------+-----
Poison Magic   | 2 3 |  3.5
Invocations    | 1 2 3 |  3.6
Short Blades   | 1 2 3 |  3.3
Long Blades    | 1 2 3 |  3.3
Axes           | 1 2 3 |  3.3
Maces & Flails | 1 2 3 |  3.3
Staves         | 1 2 3 |  3.3
Slings         | 1 2 3 |  3.3
Bows           | 1 2 3 |  3.3
Crossbows      | 1 2 3 |  3.3
Throwing       | 1 2 3 |  3.3
Armour         | 1 2 3 |  3.3
Dodging        | 1 2 3 |  3.3
Stealth        | 1 2 3 |  3.3
Unarmed Combat | 1 2 3 |  3.3
Spellcasting   | 1 2 3 |  3.3
Evocations     | 1 2 3 |  3.3
Conjurations   | 1 2 |  2.7
Hexes          | 1 2 |  2.7
Charms         | 4 |  4.7
Summonings     | 1 2 |  2.7
Necromancy     | 1 2 |  2.7
Translocations | 1 2 |  2.7
Transmutations | 1 2 |  2.7
Fire Magic     | 1 2 |  2.7
Ice Magic      | 1 2 |  2.7
Air Magic      | 1 2 |  2.7
Earth Magic    | 1 2 |  2.7
Polearms       | 5 |  5.7
Shields        | 5 |  5.7
Fighting       | 7 |  7.4

Action                   |  1- 3 |  4- 6 |  7- 9 || total
-------------------------+-------+-------+-------++-------
Melee: Spear             |   144 |   120 |     3 ||   267
       Bite              |     9 |    15 |     9 ||    33
       Great sword       |       |       |    33 ||    33
       Glaive            |       |       |    38 ||    38
 Fire: Hunting sling     |    19 |       |     5 ||    24
 Cast: Spectral Weapon   |       |     1 |     3 ||     4
       Shroud of Golubri |       |     1 |       ||     1
Invok: Ancestor Identity |       |     1 |     1 ||     2
       Recall Ancestor   |       |       |     2 ||     2
       Ancestor Life: He |       |       |     1 ||     1
  Use: Scroll            |       |     8 |     1 ||     9
       Potion            |       |     3 |     7 ||    10
 Stab: Sleeping          |     3 |     5 |     2 ||    10
       Distracted        |       |     1 |     1 ||     2
  Eat: Chunk             |     4 |     2 |     6 ||    12
       Ration            |       |     2 |       ||     2
Armor: Robe              |     6 |     7 |    11 ||    24
       Scale mail        |    21 |       |       ||    21
Dodge: Dodged            |    52 |    43 |    32 ||   127
       Rpst.: Great sword |       |       |     3 ||     3
